MLB
DETROIT TIGERS @ TEXAS RANGERS
06/08/2099
 
TOP OF THE 1ST
Detroit Tigers batting - Pitching for Texas Rangers : RHP Ryan Kohn
Pitching: RHP Ryan Kohn
Batting: LHB Tim Wilson 0-0: Called Strike
0-1: Ball
1-1: Ball
2-1: Foul Ball, location: 23F
2-2: Fly out, F8 (Flyball, 8LD, EV 90.6 MPH)
Batting: RHB Steve Selmon 0-0: Ball
1-0: Ball
2-0: Called Strike
2-1: Fly out, F7 (Flyball, 7S, EV 93.1 MPH)
Batting: SHB Mike Knighten 0-0: Called Strike
0-1: Ball
1-1: Called Strike
1-2: Foul Ball, location: 7LDF
1-2: Ground out 5-3 (Groundball, 5, EV 93.8 MPH)
Top of the 1st over - 0 runs, 0 hits, 0 errors, 0 left on base; Detroit 0 - Texas 0
BOTTOM OF THE 1ST
Texas Rangers batting - Pitching for Detroit Tigers : LHP Mark Fleming
Pitching: LHP Mark Fleming
Batting: RHB Jason Hartel 0-0: Called Strike
0-1: Called Strike
0-2: Ball
1-2: Ball
2-2: Ball
3-2: Foul Ball, location: 5FF
3-2: Foul Ball, location: 9LSF
3-2: Foul Ball, location: 7LMF
3-2: Strikes out looking
Batting: RHB Chris Patrick 0-0: Called Strike
0-1: Ball
1-1: Ball
2-1: Called Strike
2-2: Strikes out swinging
Batting: RHB Kevin Hock 0-0: Called Strike
0-1: Ground out 5-3 (Groundball, 56S, EV 86.3 MPH)
Bottom of the 1st over - 0 runs, 0 hits, 0 errors, 0 left on base; Detroit 0 - Texas 0
TOP OF THE 2ND
Detroit Tigers batting - Pitching for Texas Rangers : RHP Ryan Kohn
Batting: LHB Jose Camacho 0-0: Foul Ball, location: 3F
0-1: Ball
1-1: Ball
2-1: Ground out 4-3 (Groundball, 4, EV 88.8 MPH)
Batting: RHB Allan Alessi 0-0: Foul Ball, location: 3SF
0-1: Called Strike
0-2: Foul Ball, location: 2F
0-2: Ball
1-2: Strikes out swinging
Batting: RHB Francisco Salto 0-0: Foul Ball, location: 3F
0-1: Swinging Strike
0-2: Ball
1-2: Ball
2-2: Foul Ball, location: 2F
2-2: Ground out 6-3 (Groundball, 6, EV 81.9 MPH)
Top of the 2nd over - 0 runs, 0 hits, 0 errors, 0 left on base; Detroit 0 - Texas 0
BOTTOM OF THE 2ND
Texas Rangers batting - Pitching for Detroit Tigers : LHP Mark Fleming
Batting: RHB Travis Huffman 0-0: Fly out, F4 (Popup, 34, EV 83.1 MPH)
Batting: LHB Nick Gunnels 0-0: Called Strike
0-1: Ball
1-1: Called Strike
1-2: Fly out, F6 (Popup, 6M, EV 76.3 MPH)
Batting: RHB Todd Peters 0-0: Ball
1-0: Ball
2-0: Called Strike
2-1: Foul Ball, location: 23FF
2-2: Strikes out swinging
Bottom of the 2nd over - 0 runs, 0 hits, 0 errors, 0 left on base; Detroit 0 - Texas 0
TOP OF THE 3RD
Detroit Tigers batting - Pitching for Texas Rangers : RHP Ryan Kohn
Batting: RHB Ed Hochstetler 0-0: Called Strike
0-1: Ball
1-1: Foul Ball, location: 9LSF
1-2: Foul Ball, location: 2F
1-2: SINGLE (Line Drive, 8LS, EV 90.0 MPH)
Batting: RHB Nate D'Acquisto 0-0: Foul Ball, location: 3F
0-1: Foul Ball, location: 23FF
0-2: SINGLE (Line Drive, 89S, EV 96.3 MPH)
Ed Hochstetler to second
Batting: RHB Jake Henson 0-0: Foul Ball, location: 23FF
0-1: Ball
1-1: DOUBLE (Groundball, 5L, EV 103.1 MPH)
Ed Hochstetler scores
Nate D'Acquisto to third
Batting: LHB Tim Wilson 0-0: Fly out, F8 (Flyball, 8LD, EV 91.9 MPH)
Batting: RHB Steve Selmon 0-0: Ball
1-0: Called Strike
1-1: Ball
2-1: Foul Ball, location: 2F
2-2: Fly out, F9 (Flyball, 9, EV 95.0 MPH)
Runner from 3rd tags up, OUT at HOME! 9-2
Top of the 3rd over - 1 run, 3 hits, 0 errors, 1 left on base; Detroit 1 - Texas 0
BOTTOM OF THE 3RD
Texas Rangers batting - Pitching for Detroit Tigers : LHP Mark Fleming
Batting: LHB Charlie Gagne 0-0: Ball
1-0: Ball
2-0: Foul Ball, location: 2F
2-1: Ball
3-1: Foul Ball, location: 23FF
3-2: SOLO HOME RUN (Flyball, 9LD, EV 96.3 MPH), Distance : 352 ft
Batting: RHB Raul Camacho 0-0: Swinging Strike
0-1: Swinging Strike
0-2: Ball
1-2: Ball
2-2: Foul Ball, location: 9LSF
2-2: Fly out, F7 (Flyball, 7LM, EV 103.8 MPH)
Batting: LHB Scott Spencer 0-0: Ball
1-0: Foul Ball, location: 2F
1-1: Foul Ball, location: 7LDF
1-2: Ground out 4-3 (Groundball, 4, EV 83.1 MPH)
Batting: RHB Jason Hartel 0-0: Foul Ball, location: 7LMF
0-1: Ball
1-1: Swinging Strike
1-2: Strikes out swinging
Bottom of the 3rd over - 1 run, 1 hit, 0 errors, 0 left on base; Detroit 1 - Texas 1
TOP OF THE 4TH
Detroit Tigers batting - Pitching for Texas Rangers : RHP Ryan Kohn
Batting: SHB Mike Knighten 0-0: SINGLE (Groundball, 4MD, EV 102.5 MPH)
Batting: LHB Jose Camacho 0-0: Called Strike
0-1: Ball
1-1: Foul Ball, location: 2F
1-2: Ball
2-2: SINGLE (Flyball, 9, EV 86.9 MPH)
Mike Knighten to second
Batting: RHB Allan Alessi 0-0: Ball
1-0: Swinging Strike
1-1: Ball
2-1: Fielders Choice at 2nd, 1-6 (Groundball, 13S, EV 75.0 MPH)
Mike Knighten to third
Batting: RHB Francisco Salto 0-0: SINGLE (Line Drive, 9S, EV 105.6 MPH)
Mike Knighten scores
Allan Alessi to second
Batting: RHB Ed Hochstetler 0-0: Swinging Strike
0-1: Swinging Strike
0-2: Ball
1-2: Ball
2-2: Ball
3-2: Strikes out swinging
Batting: RHB Nate D'Acquisto 0-0: Called Strike
0-1: Swinging Strike
0-2: Foul Ball, location: 2F
0-2: Fly out, F7 (Flyball, 7D, EV 98.8 MPH)
Top of the 4th over - 1 run, 3 hits, 0 errors, 2 left on base; Detroit 2 - Texas 1
BOTTOM OF THE 4TH
Texas Rangers batting - Pitching for Detroit Tigers : LHP Mark Fleming
Batting: RHB Chris Patrick 0-0: Ball
1-0: Called Strike
1-1: Ball
2-1: Ball
3-1: SINGLE (Groundball, 56S, EV 61.3 MPH) (infield hit)
Batting: RHB Kevin Hock 0-0: Ball
1-0: Called Strike
1-1: Ball
2-1: Foul Ball, location: 2F
2-2: Foul Ball, location: 5SF
2-2: Strikes out swinging
Batting: RHB Travis Huffman 0-0: Ball
1-0: Called Strike
1-1: Swinging Strike
1-2: Ball
2-2: Ball
3-2: Strikes out swinging
Batting: LHB Nick Gunnels 0-0: Ball
1-0: DOUBLE (Line Drive, 7LM, EV 95.0 MPH)
Chris Patrick to third
Batting: RHB Todd Peters 0-0: Called Strike
0-1: Foul Ball, location: 23F
0-2: Ball
1-2: SINGLE (Groundball, 34D, EV 107.5 MPH)
Chris Patrick scores
Nick Gunnels to third
Runner from 3rd tries for Home, SAFE, throw by RF to home
Batting: LHB Charlie Gagne 0-0: Called Strike
0-1: Ball
Todd Peters steals 2nd, throwing error, E2
Todd Peters to third
1-1: Foul Ball, location: 2F
1-2: Hit by Pitch
Batting: RHB Raul Camacho 0-0: Called Strike
0-1: Foul Ball, location: 9LSF
0-2: Fly out, F8 (Flyball, 89M, EV 93.8 MPH)
Bottom of the 4th over - 2 runs, 3 hits, 1 error, 2 left on base; Detroit 2 - Texas 3
TOP OF THE 5TH
Detroit Tigers batting - Pitching for Texas Rangers : RHP Ryan Kohn
Batting: RHB Jake Henson 0-0: Ball
1-0: Ground out 5-3 (Groundball, 56S, EV 82.5 MPH)
Batting: LHB Tim Wilson 0-0: Ball
1-0: Foul Ball, location: 23F
1-1: Ball
2-1: Foul Ball, location: 7LMF
2-2: Ground out 4-3 (Groundball, 4, EV 105.0 MPH)
Batting: RHB Steve Selmon 0-0: Fly out, F4 (Popup, 34, EV 72.5 MPH)
Top of the 5th over - 0 runs, 0 hits, 0 errors, 0 left on base; Detroit 2 - Texas 3
BOTTOM OF THE 5TH
Texas Rangers batting - Pitching for Detroit Tigers : LHP Mark Fleming
Batting: LHB Scott Spencer 0-0: Ball
1-0: Called Strike
1-1: Ground out 4-3 (Groundball, 4M, EV 100.0 MPH)
Pitching: RHP Blake Dickerson
Batting: RHB Jason Hartel 0-0: Ball
1-0: Swinging Strike
1-1: Ball
2-1: SINGLE (Line Drive, 7S, EV 98.1 MPH)
Batting: RHB Chris Patrick 0-0: Ball
Jason Hartel steals 2nd base
1-0: Called Strike
1-1: Ball
2-1: Fly out, F9 (Flyball, 89M, EV 95.0 MPH)
Batting: RHB Kevin Hock 0-0: Called Strike
Jason Hartel steals 3rd base
0-1: Ball
1-1: Ball
2-1: Foul Ball, location: 9LMF
2-2: Ball
3-2: SINGLE (Groundball, 6MD, EV 103.1 MPH)
Jason Hartel scores
Batting: RHB Travis Huffman 0-0: Ball
1-0: Called Strike
1-1: Called Strike
1-2: Foul Ball, location: 5DF
1-2: Strikes out swinging
Bottom of the 5th over - 1 run, 2 hits, 0 errors, 1 left on base; Detroit 2 - Texas 4
TOP OF THE 6TH
Detroit Tigers batting - Pitching for Texas Rangers : RHP Ryan Kohn
Batting: SHB Mike Knighten 0-0: Swinging Strike
0-1: Swinging Strike
0-2: Foul Ball, location: 2F
0-2: Ball
1-2: Strikes out swinging
Batting: LHB Jose Camacho 0-0: Foul Ball, location: 5DF
0-1: Ball
1-1: Ball
2-1: SINGLE (Line Drive, 56D, EV 105.6 MPH)
Batting: RHB Allan Alessi 0-0: Fly out, F9 (Flyball, 9D, EV 101.3 MPH)
Batting: RHB Francisco Salto 0-0: Swinging Strike
0-1: Fly out, F9 (Flyball, 89D, EV 101.9 MPH)
Top of the 6th over - 0 runs, 1 hit, 0 errors, 1 left on base; Detroit 2 - Texas 4
BOTTOM OF THE 6TH
Texas Rangers batting - Pitching for Detroit Tigers : RHP Blake Dickerson
Batting: LHB Nick Gunnels 0-0: Swinging Strike
0-1: Ball
1-1: Ball
2-1: Ball
3-1: Fly out, F6 (Line Drive, 6MD, EV 75.0 MPH)
Batting: RHB Todd Peters 0-0: SINGLE (Line Drive, 9S, EV 105.0 MPH)
Batting: LHB Charlie Gagne 0-0: Ball
1-0: Ball
2-0: Grounds into double play, 6-4-3 (Groundball, 6, EV 78.1 MPH)
Bottom of the 6th over - 0 runs, 1 hit, 0 errors, 0 left on base; Detroit 2 - Texas 4
TOP OF THE 7TH
Detroit Tigers batting - Pitching for Texas Rangers : RHP Ryan Kohn
Batting: RHB Ed Hochstetler 0-0: Called Strike
0-1: Ball
1-1: Ball
2-1: Called Strike
2-2: Fly out, F7 (Flyball, 7D, EV 82.5 MPH)
Batting: RHB Nate D'Acquisto 0-0: Foul Ball, location: 5DF
0-1: Swinging Strike
0-2: Ball
1-2: Ground out 5-3 (Groundball, 56, EV 87.5 MPH)
Batting: RHB Jake Henson 0-0: Hit by Pitch
Batting: LHB Tim Wilson 0-0: Foul Ball, location: 3F
0-1: Swinging Strike
0-2: Fielders Choice at 2nd, 5-4 (Groundball, 5, EV 90.0 MPH)
Top of the 7th over - 0 runs, 0 hits, 0 errors, 1 left on base; Detroit 2 - Texas 4
BOTTOM OF THE 7TH
Texas Rangers batting - Pitching for Detroit Tigers : RHP Blake Dickerson
Pitching: RHP Freddy Hernandez
Batting: RHB Raul Camacho 0-0: Ball
1-0: Foul Ball, location: 23FF
1-1: Ball
2-1: Foul Ball, location: 5DF
2-2: Ground out 4-3 (Groundball, 4S, EV 70.6 MPH)
Batting: LHB Scott Spencer 0-0: Called Strike
0-1: Swinging Strike
0-2: Ground out 4-3 (Groundball, 4S, EV 85.6 MPH)
Batting: RHB Jason Hartel 0-0: Ball
1-0: Called Strike
1-1: Ball
2-1: Ball
3-1: Fly out, F8 (Flyball, 78S, EV 91.3 MPH)
Bottom of the 7th over - 0 runs, 0 hits, 0 errors, 0 left on base; Detroit 2 - Texas 4
TOP OF THE 8TH
Detroit Tigers batting - Pitching for Texas Rangers : RHP Ryan Kohn
Batting: RHB Steve Selmon 0-0: Ball
1-0: Ball
2-0: Ball
3-0: Called Strike
3-1: Foul Ball, location: 9LDF
3-2: Ground out 5-3 (Groundball, 5S, EV 85.6 MPH)
Batting: SHB Mike Knighten 0-0: Called Strike
0-1: Ball
1-1: Foul Ball, location: 9LSF
1-2: Ball
2-2: Ball
3-2: Foul Ball, location: 7LSF
3-2: Foul Ball, location: 7LDF
3-2: Ground out U3 (Groundball, 34, EV 86.3 MPH)
Batting: LHB Jose Camacho 0-0: Fly out, F8 (Flyball, 78M, EV 96.3 MPH)
Top of the 8th over - 0 runs, 0 hits, 0 errors, 0 left on base; Detroit 2 - Texas 4
BOTTOM OF THE 8TH
Texas Rangers batting - Pitching for Detroit Tigers : RHP Freddy Hernandez
Batting: RHB Chris Patrick 0-0: Ball
1-0: Swinging Strike
1-1: Called Strike
1-2: Ball
2-2: Foul Ball, location: 5F
2-2: Strikes out swinging
Batting: RHB Kevin Hock 0-0: Swinging Strike
0-1: Fly out, F7 (Line Drive, 7LM, EV 92.5 MPH)
Batting: RHB Travis Huffman 0-0: Ball
1-0: Ball
2-0: Called Strike
2-1: Foul Ball, location: 5F
2-2: Fly out, F4 (Flyball, 34D, EV 93.1 MPH)
Bottom of the 8th over - 0 runs, 0 hits, 0 errors, 0 left on base; Detroit 2 - Texas 4
TOP OF THE 9TH
Detroit Tigers batting - Pitching for Texas Rangers : RHP Ryan Kohn
Pitching: RHP Jose Benitez
Batting: RHB Allan Alessi 0-0: Ball
1-0: Ball
2-0: Ball
3-0: Called Strike
3-1: Base on Balls
Batting: RHB Francisco Salto 0-0: Fielders Choice at 2nd, 6-4 (Groundball, 6, EV 88.1 MPH)
Pinch Hitting: RHB Chad Larson 0-0: Called Strike
0-1: Foul Ball, location: 9LDF
0-2: Ball
1-2: Ball
2-2: Foul Ball, location: 5SF
2-2: Foul Ball, location: 5DF
2-2: Strikes out swinging
Batting: RHB Nate D'Acquisto 0-0: Ball
1-0: Ball
2-0: Called Strike
2-1: SINGLE (Line Drive, 78M, EV 101.3 MPH)
Francisco Salto to second
Pinch Hitting: LHB Jason Schneider 0-0: Ball
1-0: Foul Ball, location: 2F
1-1: Ball
2-1: Fielders Choice at 2nd, U4 (Groundball, 4M, EV 86.9 MPH)
Top of the 9th over - 0 runs, 1 hit, 0 errors, 2 left on base; Detroit 2 - Texas 4
Sunday, May 5th , 2024 - OOTP Baseball 24.11 Build 85